[Event "Titled Tuesday Blitz August 17 2021"]
[White "Kropff, Ricardo"]
[Black "Maevsky, Nikolay"]
[WhiteFideId "3700038"]
[BlackFideId "4198220"]
[WhiteElo "2164"]
[BlackElo "2213"]
[Result "0-1"]
[Round "01"]
[TimeControl "180+1"]
[Date "2021.08.18"]
[WhiteClock "0:00:12"]
[BlackClock "0:00:09"]

1. Nf3 Nf6 2. c4 e6 3. g3 b6 4. Bg2 Bb7 5. O-O c5 6. Nc3 Be7 7. Re1 Ne4 8. Nxe4 Bxe4 9. d3 Bb7 10. e4 d6 11. d4 cxd4 12. Nxd4 a6 13. b3 Qc7 14. Be3 Nd7 15. Rc1 O-O 16. f4 Rfd8 17. Bf2 Rac8 18. Qd2 Qb8 19. g4 Ne5 20. Qe2 Nc6 21. Nf3 Ba8 22. a4 Na5 23. Rb1 Bf8 24. g5 d5 25. cxd5 exd5 26. e5 Bb4 27. Rec1 Qb7 28. Nd4 Qd7 29. f5 g6 30. e6 fxe6 31. fxe6 Qe7 32. Be3 Nc6 33. Rf1 Ne5 34. Rf6 Rc3 35. Rbf1 Bc5 36. Rf7 Nxf7 37. Rxf7 Qd6 38. Qf2 Qe5 39. e7 Bxe7 40. Bf4 Rc1+ 41. Bxc1 Bd6 42. Bf4 Qe8 43. Bxd6 Rxd6 44. Rf6 Rd8 45. Ne6 Rc8 46. Qf4 Bc6 47. Qe5 Bd7 48. Rxg6+ Qxg6 49. Bxd5 Bxe6 50. Bxe6+ Kf8 51. Qd6+ Kg7 52. Qe7+ Kh8 53. Bxc8 Qb1+ 54. Kg2 Qb2+ 55. Kg3 Qxb3+ 56. Kg4 Qc4+ 57. Kh5 Qxc8 58. Kh6 Qc6+ 59. Qf6+ Qxf6+ 60. gxf6 Kg8 61. Kg5 Kf7 62. Kf5 b5 63. Ke5 bxa4 64. Kd4 Kxf6 65. Kc4 Kg5 66. Kb4 h5 67. Kxa4 Kh4 68. Ka5 Kh3 69. Kxa6 h4 70. Kb5 Kxh2 71. Kc4 Kg2 72. Kd3 h3 73. Ke2 h2 74. Ke1 h1=Q+ 0-1


[Site "https://www.chess.com"]

[Event "Titled Tuesday Blitz August 17 2021"]
[White "Labussiere, Victor"]
[Black "Urazayev, Arystanbek"]
[WhiteFideId "2183129"]
[BlackFideId "13709810"]
[WhiteElo "1921"]
[BlackElo "2321"]
[Result "0-1"]
[Round "01"]
[TimeControl "180+1"]
[Date "2021.08.17"]
[WhiteClock "0:00:07"]
[BlackClock "0:01:19"]

1. e4 c6 2. d4 d5 3. e5 c5 4. dxc5 e6 5. Nf3 Nc6 6. a3 Bxc5 7. Bd3 f6 8. b4 Bb6 9. Bb2 fxe5 10. Nxe5 Qg5 11. Nxc6 bxc6 12. O-O Nf6 13. Qc1 Qxc1 14. Bxc1 O-O 15. h3 e5 16. Nd2 e4 17. Be2 Bd4 18. Rb1 a5 19. Nb3 Bb6 20. bxa5 Bxa5 21. Nxa5 Rxa5 22. Bd2 Ra8 23. Bb4 Re8 24. Rfd1 Ba6 25. Bxa6 Rxa6 26. c4 Kf7 27. cxd5 cxd5 28. Rbc1 Ra7 29. Kf1 Rd8 30. Rd4 Ke6 31. Rc6+ Ke5 32. Bc3 Rxa3 33. Ra4+ Rxc3 34. Rxc3 Rb8 35. Rc1 Rb2 36. Rca1 g5 37. R4a2 Rb3 38. Ra3 Rb2 39. R3a2 Rb3 40. Ra3 Rb8 41. f3 h5 42. fxe4 Nxe4 43. Re3 h4 44. Ra7 Rb1+ 45. Ke2 Rb2+ 46. Kf1 Kd4 47. Re1 Ke5 48. Re7+ Kf4 49. Rf7+ Kg3 50. Rf3+ Kh2 51. Rxe4 dxe4 52. Re3 Rxg2 53. Rxe4 Kxh3 54. Re3+ Rg3 55. Re4 Ra3 56. Kg1 Ra1+ 57. Kf2 g4 58. Re3+ g3+ 59. Kf3 Rf1+ 60. Ke2 Rf8 0-1


[Site "https://www.chess.com"]

[Event "Titled Tuesday Blitz August 17 2021"]
[White "Lashkin, Jegor"]
[Black "Devaev, Alexander"]
[WhiteFideId "13907808"]
[BlackFideId "4169395"]
[WhiteElo "2293"]
[BlackElo "2185"]
[Result "1-0"]
[Round "01"]
[TimeControl "180+1"]
[Date "2021.08.17"]
[WhiteClock "0:00:13"]
[BlackClock "0:00:01"]

1. d4 Nf6 2. c4 e6 3. Nf3 Bb4+ 4. Bd2 Qe7 5. e3 b6 6. Bd3 Bb7 7. O-O O-O 8. Nc3 Bxc3 9. Bxc3 Ne4 10. Be1 f5 11. Nd2 d6 12. f3 Nxd2 13. Qxd2 Nd7 14. Bc2 Nf6 15. Bf2 Rad8 16. b4 d5 17. cxd5 Bxd5 18. Qc3 Bb7 19. b5 Nd5 20. Qc4 Rc8 21. e4 fxe4 22. fxe4 Nf6 23. Bh4 Qd7 24. Bb3 Rce8 25. Bxf6 Rxf6 26. Rxf6 gxf6 27. Rf1 Bxe4 28. Rxf6 Bd5 29. Qd3 Bxb3 30. axb3 Rd8 31. Qg3+ Qg7 32. Qe5 Rd6 33. h3 h6 34. Kh2 Kh8 35. Rf8+ Kh7 36. Qe4+ Qg6 37. Rf7+ Kg8 38. Qxg6+ 1-0


[Site "https://www.chess.com"]

[Event "Titled Tuesday Blitz August 17 2021"]
[White "Lauridsen, Jesper Morch"]
[Black "Stribuk, Artiom"]
[WhiteFideId "1401890"]
[BlackFideId "13515659"]
[WhiteElo "2324"]
[BlackElo "2224"]
[Result "1-0"]
[Round "01"]
[TimeControl "180+1"]
[Date "2021.08.18"]
[WhiteClock "0:00:37"]
[BlackClock "0:00:08"]

1. e4 c5 2. Nf3 Nc6 3. d4 cxd4 4. Nxd4 Nf6 5. Nc3 e5 6. Ndb5 d6 7. Bg5 a6 8. Na3 b5 9. Bxf6 gxf6 10. Nd5 f5 11. Bxb5 axb5 12. Nxb5 Ra4 13. b4 Qh4 14. Nbc7+ Kd8 15. O-O Rg8 16. g3 fxe4 17. b5 Rd4 18. Qe1 Ne7 19. Qa5 Kd7 20. b6 Bb7 21. Qa7 Kc6 22. c4 Rxc4 23. Rac1 e3 24. Qa4+ Kc5 25. Qb5+ 1-0


[Site "https://www.chess.com"]

[Event "Titled Tuesday Blitz August 17 2021"]
[White "Leve, Nitai"]
[Black "Ibarra Jerez, Jose Carlos"]
[WhiteFideId "2006898"]
[BlackFideId "2226332"]
[WhiteElo "2144"]
[BlackElo "2602"]
[Result "0-1"]
[Round "01"]
[TimeControl "180+1"]
[Date "2021.08.17"]
[WhiteClock "0:00:01"]
[BlackClock "0:00:07"]

1. e4 c5 2. Nf3 e6 3. d4 cxd4 4. Nxd4 Bc5 5. Nb3 Bb6 6. Nc3 Ne7 7. Bd3 O-O 8. Bg5 f6 9. Bh4 Nbc6 10. Qh5 Ng6 11. Bg3 Nce5 12. O-O-O a6 13. Be2 Qe7 14. Kb1 f5 15. f4 Nc6 16. Bc4 fxe4 17. Nxe4 Nxf4 18. Bxf4 Rxf4 19. Ng5 h6 20. h4 Rxc4 21. Qg6 Qf6 22. Qh7+ Kf8 23. Ne4 Rxe4 24. Qxe4 d5 25. Qh7 Ne7 26. Rhf1 Nf5 27. g4 Kf7 28. gxf5 exf5 29. Qh8 g6 30. Qxf6+ Kxf6 31. Rxd5 Be6 32. Rd6 Bc7 0-1


[Site "https://www.chess.com"]

[Event "Titled Tuesday Blitz August 17 2021"]
[White "Ljukin, Sergei"]
[Black "Nakamura, Hikaru"]
[WhiteFideId "14102200"]
[BlackFideId "2016192"]
[WhiteElo "2309"]
[BlackElo "2900"]
[Result "0-1"]
[Round "01"]
[TimeControl "180+1"]
[Date "2021.08.17"]
[WhiteClock "0:00:02"]
[BlackClock "0:00:18"]

1. e4 g6 2. d4 Bg7 3. Nc3 a6 4. f4 c6 5. Nf3 d5 6. e5 Bg4 7. h3 Bxf3 8. Qxf3 e6 9. Be3 h5 10. O-O-O h4 11. Ne2 Nd7 12. g4 hxg3 13. Nxg3 Rh4 14. c3 Qc7 15. Qf2 Qd8 16. Bd3 Nh6 17. Rdg1 Qa5 18. Kb1 O-O-O 19. f5 exf5 20. Nxf5 Nxf5 21. Bxf5 Rhh8 22. Bg4 Rdf8 23. Bg5 Qb5 24. Be2 Qb6 25. Be7 Bxe5 26. Bxf8 Rxf8 27. Bg4 Bg7 28. Bxd7+ Kxd7 29. Re1 Qd8 30. Re2 Qf6 31. Qg3 Qd6 32. Qf3 Bf6 33. Rhe1 Bd8 34. Qg4+ Kc7 35. Re8 Rxe8 36. Rxe8 Qf6 37. Qe2 Qf5+ 38. Ka1 Qxh3 39. a3 Kd7 40. Rf8 Qe6 41. Qh2 Qe7 42. Rg8 Bc7 43. Qh3+ Qe6 44. Qh7 Bd6 45. Qh8 Kc7 46. Ra8 Kb6 47. Qc8 Qe7 48. Qg4 Qe4 49. Qd1 Kc7 50. Qb3 Qe7 51. Ra7 Kb8 52. Rxa6 Qc7 53. Ra4 g5 54. Qd1 b5 0-1


[Site "https://www.chess.com"]

[Event "Titled Tuesday Blitz August 17 2021"]
[White "Lock, Gavin R"]
[Black "Mladek, Richard"]
[WhiteFideId "408646"]
[BlackFideId "386588"]
[WhiteElo "2104"]
[BlackElo "2355"]
[Result "1/2-1/2"]
[Round "01"]
[TimeControl "180+1"]
[Date "2021.08.18"]
[WhiteClock "0:00:05"]
[BlackClock "0:00:06"]

1. d4 d5 2. Nf3 Nf6 3. g3 e6 4. Bg2 Be7 5. O-O O-O 6. c4 dxc4 7. Qc2 a6 8. a4 Bd7 9. Qxc4 Bc6 10. Bg5 Bd5 11. Qc2 Be4 12. Qc1 h6 13. Bxf6 Bxf6 14. Nbd2 Bxf3 15. Bxf3 c6 16. e3 a5 17. Nc4 Na6 18. Rd1 Nb4 19. Qc3 Qc7 20. Qb3 Rfd8 21. Rac1 g6 22. h4 Kg7 23. Kg2 Ra6 24. Be2 Ra7 25. Bf3 Raa8 26. Nd2 Be7 27. Ne4 Rac8 28. h5 g5 29. Nc5 b6 30. Nd3 c5 31. dxc5 bxc5 32. Nxb4 axb4 33. Qc4 Qa5 34. b3 Bf6 35. g4 Bb2 36. Rb1 Bc3 37. Rxd8 Rxd8 38. Rd1 Rxd1 39. Bxd1 Qc7 40. Bf3 Qb6 41. Qb5 Qxb5 42. axb5 Kf6 43. b6 Ke7 44. Kf1 Kd6 45. Ke2 Be5 46. Kd3 Bh2 47. Be4 Bg1 48. f3 Bh2 49. Kc4 Bg1 50. Kd3 f6 51. b7 Kc7 52. Bg6 Bh2 53. Bf7 Kd7 54. Bg6 Ke7 55. Be4 Bd6 56. Kc4 Kd7 57. Kb5 Kc7 58. Kc4 Bg3 59. Kd3 Kb6 60. Kd2 Kb5 61. Kd3 Kb6 62. Kc4 Bf2 63. Kd3 Bg3 1/2-1/2


[Site "https://www.chess.com"]

[Event "Titled Tuesday Blitz August 17 2021"]
[White "Loy, Konstantin"]
[Black "Svane, Rasmus"]
[WhiteFideId "14122499"]
[BlackFideId "4657101"]
[WhiteElo "2084"]
[BlackElo "2669"]
[Result "0-1"]
[Round "01"]
[TimeControl "180+1"]
[Date "2021.08.17"]
[WhiteClock "0:00:01"]
[BlackClock "0:01:13"]

1. e4 c6 2. d4 d5 3. exd5 cxd5 4. c4 Nf6 5. Nc3 Nc6 6. Bg5 dxc4 7. Bxc4 e6 8. Nf3 Be7 9. O-O O-O 10. a3 h6 11. Bh4 Nh5 12. Bxe7 Nxe7 13. d5 exd5 14. Nxd5 Nxd5 15. Qxd5 Qxd5 16. Bxd5 Nf4 17. Bc4 Bf5 18. g3 Rac8 19. Rac1 Be6 20. gxf4 Bxc4 21. Rfe1 Rfd8 22. Ne5 Be6 23. Rxc8 Rxc8 24. Re2 f6 25. Nd3 Bd5 26. h4 Kf7 27. b4 Rc3 28. Nc5 Rxa3 29. Rd2 Bc6 30. Rd4 Ra1+ 31. Kh2 Rh1+ 32. Kg3 Rg1+ 33. Kh3 Kg6 34. Ne6 Kf5 35. Nd8 Bf3 0-1


[Site "https://www.chess.com"]

[Event "Titled Tuesday Blitz August 17 2021"]
[White "Majer, Damir"]
[Black "Bryakin, Mikhail"]
[WhiteFideId "4615689"]
[BlackFideId "4165314"]
[WhiteElo "2384"]
[BlackElo "2336"]
[Result "1-0"]
[Round "01"]
[TimeControl "180+1"]
[Date "2021.08.17"]
[WhiteClock "0:00:45"]
[BlackClock "0:00:53"]

1. d4 Nf6 2. Nf3 g6 3. Bf4 Bg7 4. e3 O-O 5. h3 d5 6. c3 c5 7. Be2 Nbd7 8. O-O b6 9. Nbd2 Bb7 10. a4 a6 11. Qb1 Ra7 12. Rc1 Qa8 13. Bf1 Ne4 14. Nxe4 dxe4 15. Nd2 e5 16. dxe5 Nxe5 17. Nc4 Nxc4 18. Bxc4 Kh8 19. Qa2 f5 20. Rd1 Qe8 21. Bc7 Qc6 22. Bf4 Raa8 23. Rd6 Qc8 24. Rxb6 Bc6 25. Qa3 Be8 26. Bd6 Rf6 27. Qxc5 Qd8 28. a5 Rc8 29. Be7 Rxc5 30. Bxd8 Rxb6 31. axb6 Rxc4 32. b7 Be5 33. Bf6+ Kg8 34. Bxe5 1-0


[Site "https://www.chess.com"]

[Event "Titled Tuesday Blitz August 17 2021"]
[White "Makhnev, Denis"]
[Black "Baches Garcia, Guillermo"]
[WhiteFideId "13707647"]
[BlackFideId "2209764"]
[WhiteElo "2537"]
[BlackElo "2456"]
[Result "0-1"]
[Round "01"]
[TimeControl "180+1"]
[Date "2021.08.17"]
[WhiteClock "0:00:02"]
[BlackClock "0:00:07"]

1. d4 Nf6 2. c4 e6 3. Nf3 d5 4. Nc3 Be7 5. Bf4 O-O 6. e3 Nbd7 7. cxd5 exd5 8. Bd3 c6 9. h3 Re8 10. Qc2 Nf8 11. O-O-O b5 12. Kb1 a5 13. g4 a4 14. Ne5 Bb7 15. Ne2 a3 16. b3 Qb6 17. Ng3 c5 18. dxc5 Bxc5 19. g5 Ne4 20. Nxe4 dxe4 21. Bxe4 Rac8 22. Bxb7 Qxb7 23. Qf5 Ng6 24. Nxg6 hxg6 25. Qd5 Qe7 26. h4 Bb4 27. h5 Rcd8 28. Qf3 Qe6 29. Bc7 Rc8 30. Bg3 gxh5 31. Rd3 Qg6 32. Rd1 Red8 33. e4 Rxd3 34. Qxd3 Kh7 35. f4 Rc3 36. f5 Qxg5 37. Bh4 Rxd3 38. Rxd3 Qxh4 0-1


[Site "https://www.chess.com"]

[Event "Titled Tuesday Blitz August 17 2021"]
[White "Marra, Eduardo da Costa"]
[Black "Pridorozhni, Aleksei"]
[WhiteFideId "2106990"]
[BlackFideId "4127870"]
[WhiteElo "2262"]
[BlackElo "2565"]
[Result "0-1"]
[Round "01"]
[TimeControl "180+1"]
[Date "2021.08.17"]
[WhiteClock "0:00:23"]
[BlackClock "0:01:22"]

1. e4 c5 2. Nf3 e6 3. g3 d5 4. exd5 exd5 5. d4 Nc6 6. Bg2 Bg4 7. dxc5 Qe7+ 8. Qe2 Qxe2+ 9. Kxe2 Nd4+ 10. Ke3 Nxc2+ 11. Kf4 Be6 12. b4 h6 13. g4 g5+ 14. Kg3 Bg7 15. Na3 Nxa1 16. Nb5 Kf8 17. h4 Nf6 18. hxg5 Ne4+ 19. Kf4 hxg5+ 20. Nxg5 Nxg5 21. Kxg5 Rxh1 22. Bxh1 Nc2 23. f4 Nxb4 24. f5 f6+ 25. Kg6 Bf7+ 26. Kh7 Nd3 27. Ba3 Bg8+ 28. Kg6 Ne5+ 29. Kh5 Bf7+ 30. Kh4 Nc6 31. g5 fxg5+ 32. Kxg5 Be5 33. f6 Rd8 34. Nd6 Bxd6 35. cxd6 Ke8 36. Bf3 Kd7 37. Bg4+ Be6 38. Bh5 Rg8+ 39. Kh6 Rh8+ 40. Kg5 d4 41. f7 Nd8 42. Bg6 Bxf7 43. Kf6 0-1


[Site "https://www.chess.com"]

[Event "Titled Tuesday Blitz August 17 2021"]
[White "Matthiesen, Martin"]
[Black "Lintchevski, Daniil"]
[WhiteFideId "1404067"]
[BlackFideId "4171055"]
[WhiteElo "2337"]
[BlackElo "2494"]
[Result "0-1"]
[Round "01"]
[TimeControl "180+1"]
[Date "2021.08.17"]
[WhiteClock "0:00:20"]
[BlackClock "0:00:49"]

1. d4 d5 2. c4 c6 3. Nc3 Nf6 4. e3 a6 5. Nf3 b5 6. b3 Bg4 7. a4 bxc4 8. bxc4 e6 9. Be2 Bb4 10. Bd2 a5 11. O-O Nbd7 12. Na2 Bd6 13. cxd5 cxd5 14. Nc3 O-O 15. Nb5 Bb8 16. Rc1 Ne4 17. Be1 Nd6 18. Nd2 Bxe2 19. Qxe2 Nb6 20. Ra1 Qd7 21. Nb3 Nxb5 22. axb5 Nc4 23. Bxa5 Qxb5 24. Bd2 Qxb3 25. Rxa8 Bxh2+ 26. Kxh2 Rxa8 27. Bc1 h6 28. Qg4 Qc2 29. Qd1 Ra2 30. Qxc2 Rxc2 31. Kg3 g5 32. Kh2 Kh7 33. g4 Kg6 34. Kg3 f5 35. gxf5+ exf5 36. Kf3 h5 37. Kg2 h4 38. Kh3 Kh5 39. Kg2 g4 40. Kh2 g3+ 41. Kg2 Kg4 0-1


[Site "https://www.chess.com"]

[Event "Titled Tuesday Blitz August 17 2021"]
[White "Matveeva, Olga"]
[Black "Korchmar, Vasiliy"]
[WhiteFideId "24107018"]
[BlackFideId "24131750"]
[WhiteElo "2108"]
[BlackElo "2370"]
[Result "0-1"]
[Round "01"]
[TimeControl "180+1"]
[Date "2021.08.18"]
[WhiteClock "0:00:01"]
[BlackClock "0:01:18"]

1. d4 d5 2. c4 c6 3. Nf3 Nf6 4. e3 Bg4 5. h3 Bh5 6. g4 Bg6 7. Ne5 Nbd7 8. Nxg6 hxg6 9. Bg2 e6 10. Qb3 Qb6 11. c5 Qc7 12. f4 b6 13. cxb6 axb6 14. Bd2 c5 15. Nc3 c4 16. Qc2 Bb4 17. O-O Bxc3 18. Bxc3 O-O 19. Bb4 Rfc8 20. a3 Nb8 21. Bf3 Nc6 22. Bc3 b5 23. h4 Qb6 24. h5 gxh5 25. gxh5 b4 26. axb4 Nxb4 27. Qg2 Nd3 28. Kh1 Qd8 29. Rg1 Qf8 30. Qg5 Rxa1 31. Rxa1 Ne4 32. Bxe4 Nf2+ 33. Kh2 Nxe4 34. Qg4 Qe7 35. Rg1 Qf6 36. Bb4 Rb8 37. Be7 Rxb2+ 38. Rg2 Rxg2+ 0-1


[Site "https://www.chess.com"]

[Event "Titled Tuesday Blitz August 17 2021"]
[White "Mekhitarian, Krikor Sevag"]
[Black "Shafigullina, Zarina"]
[WhiteFideId "2107660"]
[BlackFideId "24174220"]
[WhiteElo "2598"]
[BlackElo "2087"]
[Result "1-0"]
[Round "01"]
[TimeControl "180+1"]
[Date "2021.08.17"]
[WhiteClock "0:00:06"]
[BlackClock "0:00:01"]

1. e4 c5 2. Nf3 d6 3. c3 Nf6 4. h3 Nc6 5. Bd3 Ne5 6. Bc2 g6 7. O-O c4 8. Nxe5 dxe5 9. Na3 Be6 10. Ba4+ Nd7 11. Bb5 Rc8 12. b3 cxb3 13. axb3 a6 14. Bc4 Bxc4 15. Nxc4 Bg7 16. Qc2 O-O 17. Ba3 b5 18. Ne3 a5 19. Rfd1 b4 20. Bb2 Nc5 21. d3 Ne6 22. c4 f5 23. exf5 gxf5 24. Qd2 f4 25. Nd5 Nc5 26. Qc2 e6 27. d4 exd4 28. Bxd4 Bxd4 29. Rxd4 exd5 30. Rxd5 Qf6 31. Rxa5 Ne6 32. Qd2 f3 33. g3 Rcd8 34. Kh2 Rxd5 35. Rxd5 Rd8 36. Rxd8+ Qxd8 37. Qxb4 Qd4 38. Qe1 Nc5 39. Qe8+ Kg7 40. Qe7+ Kg6 41. Qe8+ Kg7 42. Qe7+ Kh6 43. Qf8+ Kg6 44. Qxf3 Qe4 45. Qxe4+ Nxe4 46. Kg2 Nd2 47. b4 Nxc4 48. b5 Kf5 49. Kf3 Ke5 50. Kg4 Kd5 51. f4 Kc5 52. Kg5 Kxb5 53. Kh6 Nd2 54. Kh5 Kc5 55. Kh6 Kd5 56. Kxh7 Nf1 57. g4 Ke4 58. f5 Ne3 59. Kg6 1-0


[Site "https://www.chess.com"]

[Event "Titled Tuesday Blitz August 17 2021"]
[White "Mirzanurov, Bulat"]
[Black "Bok, Benjamin"]
[WhiteFideId "4184521"]
[BlackFideId "1017063"]
[WhiteElo "2208"]
[BlackElo "2658"]
[Result "0-1"]
[Round "01"]
[TimeControl "180+1"]
[Date "2021.08.17"]
[WhiteClock "0:00:20"]
[BlackClock "0:00:50"]

1. e4 c5 2. Nf3 d6 3. d4 cxd4 4. Nxd4 Nf6 5. Nc3 a6 6. Bg5 Nbd7 7. f4 Qc7 8. Qe2 e5 9. Nf5 h6 10. Bh4 exf4 11. O-O-O g5 12. Bf2 Ne5 13. Bd4 Bxf5 14. exf5 Bg7 15. Re1 O-O-O 16. Bxe5 dxe5 17. Qxe5 Qxe5 18. Rxe5 Ng4 19. Re7 Rhe8 20. Rxe8 Rxe8 21. Be2 Nf2 22. Re1 Bxc3 23. bxc3 Re3 24. c4 Kc7 25. Kd2 Ne4+ 26. Kc1 Kb6 27. Kd1 Nc3+ 28. Kd2 Rxe2+ 29. Rxe2 Nxe2 30. Kxe2 Kc5 31. Kd3 f6 32. a3 a5 33. c3 a4 34. h3 h5 0-1


[Site "https://www.chess.com"]

[Event "Titled Tuesday Blitz August 17 2021"]
[White "Mirzoev, Azer"]
[Black "Kalghatgi, Nikhil"]
[WhiteFideId "13400304"]
[BlackFideId "2056496"]
[WhiteElo "2525"]
[BlackElo "1994"]
[Result "1-0"]
[Round "01"]
[TimeControl "180+1"]
[Date "2021.08.17"]
[WhiteClock "0:01:21"]
[BlackClock "0:00:24"]

1. d4 Nf6 2. Bf4 g6 3. e3 Bg7 4. Nf3 O-O 5. h3 d6 6. Bh2 Nfd7 7. Be2 e5 8. O-O Nc6 9. c4 f5 10. Nc3 h6 11. Rc1 g5 12. dxe5 Ndxe5 13. Nd4 f4 14. exf4 gxf4 15. Nf3 Be6 16. b3 Nxf3+ 17. Bxf3 Ne5 18. Bxb7 f3 19. Bxe5 fxg2 20. Bxg7 gxf1=Q+ 21. Qxf1 Kxg7 22. Bxa8 Qxa8 23. Qg2+ Qxg2+ 24. Kxg2 Kf6 25. Ne4+ Ke5 26. Re1 Kd4 27. Nxd6 Bxh3+ 28. Kxh3 cxd6 29. Rd1+ Kc5 30. Kg3 h5 31. Rd5+ Kb4 32. Rxh5 Rg8+ 33. Kf3 Rf8+ 34. Ke3 Re8+ 35. Kd4 Rf8 36. Rb5+ Ka3 37. Ra5+ Kb4 38. Ra4# 1-0


[Site "https://www.chess.com"]

[Event "Titled Tuesday Blitz August 17 2021"]
[White "Molina, Roberto Junio Brito"]
[Black "Patrascu, Catalin-Lucian"]
[WhiteFideId "2109450"]
[BlackFideId "1229052"]
[WhiteElo "2402"]
[BlackElo "2120"]
[Result "1-0"]
[Round "01"]
[TimeControl "180+1"]
[Date "2021.08.17"]
[WhiteClock "0:00:26"]
[BlackClock "0:00:03"]

1. d4 Nf6 2. c4 e6 3. Nf3 d5 4. Nc3 dxc4 5. e3 a6 6. a4 c5 7. Bxc4 Nbd7 8. O-O b6 9. d5 e5 10. e4 Bd6 11. Re1 Nf8 12. g3 Bg4 13. Be2 Ng6 14. Nd2 h5 15. Nc4 Rb8 16. Qd3 h4 17. Bg5 Qd7 18. Bxf6 Bxe2 19. Qxe2 gxf6 20. Nxd6+ Qxd6 21. Qxa6 Kf8 22. Qe2 Kg7 23. Nd1 Rbg8 24. Ne3 Ne7 25. Qf3 Qd7 26. Qg4+ Qxg4 27. Nxg4 hxg3 28. fxg3 f5 29. exf5 Nxf5 30. Nxe5 Nd4 31. Rf1 f6 32. Nc4 Rh5 33. Nxb6 Rgh8 34. Rf2 f5 35. a5 f4 36. gxf4 Kf6 37. a6 Nf3+ 38. Rxf3 Rxh2 39. Re1 Rh1+ 40. Kf2 R8h2+ 41. Kg3 Rh3+ 42. Kg2 R3h2+ 43. Kg3 Rh3+ 44. Kf2 Rxf3+ 45. Kxf3 Rxe1 46. a7 1-0


[Site "https://www.chess.com"]

[Event "Titled Tuesday Blitz August 17 2021"]
[White "Moroni, Luca Jr"]
[Black "Perera Alfonso, Rene Humberto"]
[WhiteFideId "865834"]
[BlackFideId "3514722"]
[WhiteElo "2491"]
[BlackElo "2313"]
[Result "1-0"]
[Round "01"]
[TimeControl "180+1"]
[Date "2021.08.17"]
[WhiteClock "0:00:33"]
[BlackClock "0:01:11"]

1. d4 d5 2. c4 c6 3. Nc3 Nf6 4. Nf3 dxc4 5. a4 Bf5 6. Ne5 Na6 7. f3 Nd7 8. Nxc4 e5 9. e4 exd4 10. exf5 dxc3 11. bxc3 Qf6 12. Qd4 Nac5 13. Qxf6 Nxf6 14. Be3 O-O-O 15. Kf2 Nd5 16. Bd4 Nb3 17. Rb1 Nxd4 18. cxd4 f6 19. Bd3 Nf4 20. Be4 Rxd4 21. Na5 Bb4 22. Nxc6 bxc6 23. Ke3 Rd2 24. Kxf4 Rxg2 25. Rxb4 1-0


[Site "https://www.chess.com"]

[Event "Titled Tuesday Blitz August 17 2021"]
[White "Murzin, Volodar"]
[Black "Rodchenkov, Sergey D."]
[WhiteFideId "44155573"]
[BlackFideId "4168712"]
[WhiteElo "2541"]
[BlackElo "2306"]
[Result "1-0"]
[Round "01"]
[TimeControl "180+1"]
[Date "2021.08.17"]
[WhiteClock "0:00:46"]
[BlackClock "0:00:12"]

1. e4 c5 2. Nf3 d6 3. Bb5+ Bd7 4. Bxd7+ Qxd7 5. O-O g6 6. c4 Bg7 7. d4 cxd4 8. Nxd4 Nf6 9. Nc3 O-O 10. f3 Nc6 11. Be3 Rac8 12. b3 a6 13. Rc1 Nxd4 14. Bxd4 Nh5 15. Nd5 Bxd4+ 16. Qxd4 Rc6 17. Rfd1 Rd8 18. g4 Ng7 19. h4 Ne6 20. Qe3 Kh8 21. g5 Ng7 22. Kg2 Nh5 23. Qc3+ Kg8 24. a4 Rc5 25. Qe3 Re8 26. b4 Rc6 27. a5 Qc8 28. Nb6 Qe6 29. Nd5 Qc8 30. c5 dxc5 31. bxc5 Qe6 32. Rb1 Qc8 33. Rdc1 e6 34. Nb4 Rc7 35. Nd3 Rd8 36. Ne5 Ng7 37. Rb6 Ne8 38. Ng4 Rcd7 39. Rc2 Rd1 40. Qf4 Qd7 41. Rbb2 Qd3 42. Nh6+ Kh8 43. Qxf7 Qf1+ 44. Kg3 Qg1+ 45. Rg2 Qe1+ 46. Rbf2 Nc7 47. Qf6# 1-0


[Site "https://www.chess.com"]

[Event "Titled Tuesday Blitz August 17 2021"]
[White "Nayem, Haque"]
[Black "Goltsev, Dmitry"]
[WhiteFideId "10217754"]
[BlackFideId "24176710"]
[WhiteElo "1982"]
[BlackElo "2369"]
[Result "0-1"]
[Round "01"]
[TimeControl "180+1"]
[Date "2021.08.17"]
[WhiteClock "0:00:47"]
[BlackClock "0:00:42"]

1. d4 Nf6 2. c4 e6 3. g3 Bb4+ 4. Bd2 Qe7 5. Bg2 Nc6 6. Nf3 Ne4 7. O-O Nxd2 8. Nbxd2 Bxd2 9. Qxd2 O-O 10. e4 d6 11. Rfe1 e5 12. d5 Nd8 13. Nh4 g6 14. Rac1 b6 15. Qh6 f5 16. exf5 gxf5 17. Nf3 Nf7 18. Qh4 Re8 19. Qxe7 Rxe7 20. Nd4 Bd7 21. f4 Rae8 22. Nb5 Bxb5 23. cxb5 exf4 24. Rxe7 Rxe7 25. gxf4 Kf8 26. Kf2 Nh6 27. h3 Ng8 28. Bf3 Nf6 29. Rg1 Rg7 30. Re1 Re7 31. Rg1 Ne4+ 32. Bxe4 Rxe4 33. Kf3 Rd4 34. Rc1 Rd3+ 35. Ke2 Rxd5 36. Rxc7 Rxb5 37. b3 Ra5 38. a4 Kg8 39. Rd7 b5 40. axb5 Rxb5 41. Rxa7 Rxb3 42. Rd7 Rb4 43. Ke3 Re4+ 44. Kf3 Re6 45. Kg3 Rh6 46. h4 Kf8 47. Kh3 Ke8 48. Rg7 d5 49. Rg5 Rf6 50. Kg3 Rg6 51. Kf3 Rxg5 52. fxg5 h6 53. g6 h5 54. Kf4 d4 55. Kg5 Kf8 56. Kh6 Kg8 57. Kxh5 d3 0-1


[Site "https://www.chess.com"]

[Event "Titled Tuesday Blitz August 17 2021"]
[White "Nesterov, Arseniy"]
[Black "Ortiz Verdezoto, Anahi"]
[WhiteFideId "24198455"]
[BlackFideId "3614581"]
[WhiteElo "2477"]
[BlackElo "1755"]
[Result "1-0"]
[Round "01"]
[TimeControl "180+1"]
[Date "2021.08.17"]
[WhiteClock "0:00:38"]
[BlackClock "0:00:49"]

1. d4 Nf6 2. c4 e6 3. Nf3 b6 4. g3 Ba6 5. Qc2 Bb7 6. Bg2 Bb4+ 7. Bd2 a5 8. O-O O-O 9. Bg5 d5 10. cxd5 exd5 11. Nc3 c6 12. a3 Be7 13. Bxf6 Bxf6 14. e4 dxe4 15. Nxe4 Be7 16. Rad1 Nd7 17. Ne5 Rc8 18. Bh3 Rc7 19. Nxd7 Rxd7 20. Bxd7 Qxd7 21. Rfe1 f5 22. Nc3 f4 23. Qb3+ Rf7 24. Qe6 Bc8 25. Qxd7 Bxd7 26. d5 fxg3 27. hxg3 cxd5 28. Nxd5 Bc5 29. Rd2 Bc6 30. b4 axb4 31. axb4 Bxf2+ 32. Rxf2 Rxf2 33. Ne7+ 1-0


[Site "https://www.chess.com"]

[Event "Titled Tuesday Blitz August 17 2021"]
[White "Nguyen, Hong Anh"]
[Black "Fajdetic, Hrvoje"]
[WhiteFideId "12406732"]
[BlackFideId "14501945"]
[WhiteElo "1974"]
[BlackElo "2153"]
[Result "1/2-1/2"]
[Round "01"]
[TimeControl "180+1"]
[Date "2021.08.18"]
[WhiteClock "0:00:05"]
[BlackClock "0:00:06"]

1. d4 e6 2. c4 f5 3. g3 Nf6 4. Bg2 d6 5. Nf3 Be7 6. O-O O-O 7. Nc3 Ne4 8. Qc2 Nxc3 9. Qxc3 Bf6 10. Qc2 e5 11. dxe5 dxe5 12. Rd1 Qe8 13. Bg5 e4 14. Bxf6 exf3 15. Bxg7 Kxg7 16. Bxf3 Nc6 17. Rd5 Be6 18. Qc3+ Kg8 19. Rd3 Qf7 20. b3 Qg7 21. Qxg7+ Kxg7 22. Rad1 Rad8 23. Kg2 Rxd3 24. Rxd3 Kf6 25. Bxc6 bxc6 26. f4 a5 27. Kf3 a4 28. Rc3 axb3 29. axb3 Rd8 30. Re3 Rb8 31. Rd3 h5 32. h3 Rc8 33. Re3 Rd8 34. Re5 Rb8 35. Re3 Rb6 36. Rd3 c5 37. e3 Rd6 38. Rc3 Rd2 39. Rc1 Bd7 40. g4 h4 41. gxf5 Kxf5 42. e4+ Kf6 43. Rc3 Bxh3 44. Ke3 Bd7 45. Kxd2 h3 46. Ke2 Kg6 47. Kf2 Kh5 48. f5 Kg4 49. Rg3+ Kh4 50. Rf3 Bc6 51. Rf4+ Kg5 52. Kg3 h2 53. Rg4+ Kf6 54. Rh4 Bxe4 55. Rxh2 Bxf5 56. Rf2 Ke5 57. Re2+ Kd4 58. Kf4 Bd3 59. Re7 Kc3 60. Rxc7 Kb4 61. Rxc5 Kxc5 62. Ke3 Bc2 63. Kd2 Bxb3 64. Kc3 Ba2 65. Kb2 Bxc4 1/2-1/2


[Site "https://www.chess.com"]